 Dungeon Crawl Stone Soup version 0.31-a0-851-g7ff8af7976 (webtiles) character file.

Game seed: 5823651427330609828

194 randomguy2701 the Magician (level 5, -3/61 HPs)
             Began as a Gnoll Wanderer on Oct 6, 2023.
             Slain by a scorpion (5 damage)
             ... on level 4 of the Dungeon.
             The game lasted 00:04:45 (2491 turns).

randomguy2701 the Magician (Gnoll Wanderer)         Turns: 2491, Time: 00:04:46

Health: -3/61      AC:  3    Str:  8 (10) XL:     5   Next: 73%
Magic:  14/14      EV: 12    Int:  9 (10) God:
Gold:   153        SH:  0    Dex: 14 (16) Spells: 18/18 levels left

rFire   . . .        a - +1 falchion
rCold   . . .        (no shield)
rNeg    . . .        c - +0 robe
rPois   .            (no helmet)
rElec   .            (no cloak)
rCorr   .            i - +0 pair of gloves
SInv    .            (no boots)
Will    .....        (no amulet) Stlth
                     (no ring)
HPRegen 0.30/turn    (no ring)
MPRegen 0.14/turn

%: no passive effects
@: berserking, lethally poisoned (-3 -> -9), attractive, very quick
A: fangs 1, strong nose, distributed training
a: no special abilities


You were on level 4 of the Dungeon.
You visited 1 branch of the dungeon, and saw 4 of its levels.

You collected 153 gold pieces.

Inventory:

Hand Weapons
 a - a +1 falchion (weapon)
Armour
 c - a +0 robe (worn)
 i - a +0 pair of gloves (worn)
Wands
 k - a wand of paralysis (8)
Scrolls
 b - 2 scrolls of blinking
 d - a scroll of brand weapon {unknown}
 f - 5 scrolls of identify {unknown}
 l - a scroll of revelation {unknown}
 m - 2 scrolls of fear {unknown}
 o - a scroll of teleportation {unknown}
Potions
 e - a potion of cancellation {unknown}
 g - a potion of degeneration
 h - a potion of resistance {unknown}
 j - a potion of attraction
 n - a potion of berserk rage


   Skills:
 + Level 3.1 Fighting
 + Level 1.6 Short Blades
 + Level 6.7 Long Blades
 + Level 1.6 Axes
 + Level 1.6 Maces & Flails
 + Level 1.6 Polearms
 + Level 1.6 Staves
 + Level 1.6 Ranged Weapons
 + Level 1.6 Throwing
 + Level 1.6 Armour
 + Level 1.6 Dodging
 + Level 2.9 Stealth
 + Level 1.6 Shields
 + Level 1.6 Unarmed Combat
 + Level 7.3 Spellcasting
 + Level 1.3 Conjurations
 + Level 1.3 Hexes
 + Level 1.3 Summonings
 + Level 1.3 Necromancy
 + Level 1.3 Translocations
 + Level 1.3 Transmutations
 + Level 1.3 Fire Magic
 + Level 1.3 Ice Magic
 + Level 1.3 Air Magic
 + Level 1.3 Earth Magic
 + Level 1.3 Poison Magic
 + Level 1.9 Invocations
 + Level 3.1 Evocations
 + Level 1.5 Shapeshifting


You had 18 spell levels left.
You didn't know any spells.
Your spell library contained the following spells:

 Spells                   Type           Power      Damage    Failure   Level
 Freeze                   Ice            20%        1d4       11%         1
 Shock                    Conj/Air       20%        1d4       11%         1
 Slow                     Hex            20%        N/A       11%         1
 Wereblood                Tmut           5%         N/A       17%         2
 Hailstorm                Conj/Ice       5%         3d4       32%         3
 Stone Arrow              Conj/Erth      10%        3d7       32%         3
 Freezing Cloud           Conj/Ice/Air   2%         6-21      97%         5
 Irradiate                Conj/Tmut      2%         3d12      97%         5
 Shatter                  Erth           2%         3d6*      100%        9


Dungeon Overview and Level Annotations

Branches:
Dungeon (4/15)
 Temple: D:4-7

Altars:

Shops:
D:4 =

Annotations:
D:3 2 transporters


Innate Abilities, Weirdness & Mutations

You have very sharp teeth.
Your uncanny sense of smell can sniff out nearby items.
Your experience applies equally to all skills.


Message History

The scorpion closely misses you.
You hit the scorpion.
The scorpion is lightly wounded.
You feel very sick. The scorpion stings you.
You are lethally poisoned!
The scorpion poisons you!
It was a potion of degeneration.
There was something very wrong with that liquid.
You feel weakened.
You feel dopey.
You feel clumsy.
* * * LOW HITPOINT WARNING * * *
You feel very sick.
The scorpion stings you but does no damage.
It was a potion of attraction.
You feel attractive to monsters.
* * * LOW HITPOINT WARNING * * *
You feel very sick. The scorpion completely misses you.
The scorpion stings you.
* * * LOW HITPOINT WARNING * * *
It was a potion of berserk rage.
A red film seems to cover your vision as you go berserk!
You feel yourself moving faster!
You feel mighty!
* * * LOW HITPOINT WARNING * * *
You feel very sick.
The scorpion stings you but does no damage.
You are too berserk!
Unknown command.
You slash the scorpion!
The scorpion is severely wounded.
* * * LOW HITPOINT WARNING * * *
You feel sick. The scorpion barely misses you.
You hit the scorpion. Your bite misses the scorpion.
The scorpion is severely wounded.
* * * LOW HITPOINT WARNING * * *
You feel sick.
You hit the scorpion.
The scorpion is almost dead.
* * * LOW HITPOINT WARNING * * *
You feel sick. The scorpion stings you.
You die...

.......................
.......................
..........[............
##.#####)O#########..##
#..###..## ...
#......## # ##.####.##
.........###########
...####....Os@.....#
#......##########.#
#.###### #.# ####.###
#......# ## #.##.#.#
##.. #....#.#
.....##..###.###
.........###....


You could see an ogre and a scorpion.

Vanquished Creatures
  Jessica (D:3)
  2 orc wizards (D:4)
  4 adders
  A worm (D:2)
  2 dart slugs
  3 orcs (D:4)
  A bat (D:3)
  5 endoplasms
  4 giant cockroaches
  9 goblins
  6 hobgoblins
  5 jackals (D:1)
  6 quokkas
  5 ball pythons
  2 frilled lizards
  7 kobolds
  6 rats
  A spectral hobgoblin (D:1)
70 creatures vanquished.

Notes
Turn   | Place    | Note
-------+----------+-------------------------------------------
     0 | D:1      | randomguy2701 the Gnoll Wanderer began the quest for the
                  | Orb.
     0 | D:1      | randomguy2701 set off with the following items: a +1
                  | falchion, a scroll of blinking, a +0 robe; and the
                  | following spells available to memorise: Freeze, Slow,
                  | Hailstorm, Stone Arrow.
     0 | D:1      | Reached XP level 1. HP: 17/17 MP: 8/8
    32 | D:1      | Reached XP level 2. HP: 10/23 MP: 10/10
   266 | D:1      | Reached XP level 3. HP: 24/28 MP: 11/11
   372 | D:1      | Found a faded altar of an unknown god.
   517 | D:1      | Reached skill level 1 in Invocations
  1043 | D:2      | Reached skill level 1 in Short Blades
  1043 | D:2      | Reached skill level 1 in Axes
  1043 | D:2      | Reached skill level 1 in Maces & Flails
  1043 | D:2      | Reached skill level 1 in Polearms
  1043 | D:2      | Reached skill level 1 in Staves
  1043 | D:2      | Reached skill level 1 in Ranged Weapons
  1043 | D:2      | Reached skill level 1 in Throwing
  1043 | D:2      | Reached skill level 1 in Armour
  1043 | D:2      | Reached skill level 1 in Dodging
  1043 | D:2      | Reached skill level 1 in Shields
  1043 | D:2      | Reached skill level 1 in Unarmed Combat
  1096 | D:2      | Got a blackened book
  1113 | D:2      | Reached XP level 4. HP: 32/34 MP: 13/13
  1139 | D:2      | Reached skill level 1 in Shapeshifting
  1395 | D:3      | Found a transporter.
  1444 | D:3      | Noticed Jessica
  1452 | D:3      | Killed Jessica
  1453 | D:3      | Reached skill level 1 in Conjurations
  1453 | D:3      | Reached skill level 1 in Hexes
  1453 | D:3      | Reached skill level 1 in Summonings
  1453 | D:3      | Reached skill level 1 in Necromancy
  1453 | D:3      | Reached skill level 1 in Translocations
  1453 | D:3      | Reached skill level 1 in Transmutations
  1453 | D:3      | Reached skill level 1 in Fire Magic
  1453 | D:3      | Reached skill level 1 in Ice Magic
  1453 | D:3      | Reached skill level 1 in Air Magic
  1453 | D:3      | Reached skill level 1 in Earth Magic
  1453 | D:3      | Reached skill level 1 in Poison Magic
  1841 | D:3      | Reached XP level 5. HP: 38/40 MP: 14/14
  2035 | D:3      | Found a transporter.
  2037 | D:3      | Noticed a small abomination
  2200 | D:4      | Found Deast's Jewellery Boutique.
  2453 | D:4      | Noticed an ogre
  2489 | D:4      | HP: 3/61 [poisoned by a scorpion]
  2491 | D:4      | Slain by a scorpion

Illustrated notes

Levels and vault maps discovered:
D:1:      dpeg_arrival_tiny_f, layout_basic,
          dreamdust_ecumenical_altar_drowned_temple
D:2:      layout_basic
D:3:      layout_basic, gammafunk_ghost_abyssal_escape, minmay_misc_feat_tiny,
          solitary_fountain, eino_curves_04, columned_hall_lemuel, uniq_jessica
D:4:      minmay_goblin_kobold_castle, layout_loops_cross, serial_shops,
          nicolae_shop_crystal, mrwooster_statue_mirror

Skill      XL: |  1  2  3  4  5 |
---------------+----------------+-----
Invocations    | 1 |  1.9
Short Blades   | 1 |  1.6
Axes           | 1 |  1.6
Maces & Flails | 1 |  1.6
Polearms       | 1 |  1.6
Staves         | 1 |  1.6
Ranged Weapons | 1 |  1.6
Throwing       | 1 |  1.6
Armour         | 1 |  1.6
Dodging        | 1 |  1.6
Shields        | 1 |  1.6
Unarmed Combat | 1 |  1.6
Shapeshifting  | 1 |  1.5
Conjurations   | 1 |  1.3
Hexes          | 1 |  1.3
Summonings     | 1 |  1.3
Necromancy     | 1 |  1.3
Translocations | 1 |  1.3
Transmutations | 1 |  1.3
Fire Magic     | 1 |  1.3
Ice Magic      | 1 |  1.3
Air Magic      | 1 |  1.3
Earth Magic    | 1 |  1.3
Poison Magic   | 1 |  1.3
Fighting       | 3 |  3.1
Evocations     | 3 |  3.1
Long Blades    | |  6.7
Stealth        | |  2.9
Spellcasting   | |  7.3

Action                     |  1- 3 |  4- 6 || total
---------------------------+-------+-------++-------
  Melee: Falchion          |    96 |   106 ||   202
         Bite              |     8 |     9 ||    17
         Punch             |     1 |       ||     1
    Use: Potion            |       |     3 ||     3
   Stab: Sleeping          |     6 |     3 ||     9
         Distracted        |     1 |       ||     1
 Armour: Robe              |    40 |    64 ||   104
  Dodge: Dodged            |    45 |    55 ||   100

Table legend: (Time is in decaauts)
 A = Elapsed time spent in this place.
 B = Non-inter-level travel time spent in this place.
 C = Inter-level travel time spent in this place.
 D = Time resting spent in this place.
 E = Time spent auto-exploring this place.
 F = Levels seen in this place.
 G = Mean time per level.
                   A        B        C        D        E       F      G
               +--------+--------+--------+--------+--------+-----+--------+
         Total |   2491 |   2366 |    125 |      0 |   1889 |   4 |  622.8 |
       Dungeon |   2491 |   2366 |    125 |      0 |   1889 |   4 |  622.8 |
               +--------+--------+--------+--------+--------+-----+--------+

Top non-repeatable levels by time:
     D:3: 783 daAuts
     D:1: 703 daAuts
     D:2: 686 daAuts
     D:4: 318 daAuts
